 Dungeon Crawl Stone Soup version 0.28.0-49-g6dfe1f597d (webtiles) character file.

Game seed: 3821372584842211739

63 Gabide the Poker (level 3, -2/29 HPs)
             Began as a Mummy Monk on May 13, 2022.
             Slain by a bullfrog (8 damage)
             ... on level 3 of the Dungeon.
             The game lasted 00:02:04 (2854 turns).

Gabide the Poker (Mummy Monk)                       Turns: 2854, Time: 00:02:04

Health: -2/29      AC:  2    Str: 22    XL:     3   Next: 87%
Magic:  3/3        EV: 12    Int:  9    God:
Gold:   91         SH:  0    Dex: 14    Spells: 2/2 levels left

rFire   x . .      SeeInvis .   a - +0 spear
rCold   + . .      Faith    .   (no shield)
rNeg    + + +      Spirit   .   b - +0 robe
rPois   ∞          Reflect  .   (no helmet)
rElec   .          Harm     .   (no cloak)
rCorr   .          Rampage  .   (no gloves)
Will    .....                   (no boots)
Stlth   ++........              (no amulet)
HPRegen 0.09/turn               d - +6 ring of strength
MPRegen 0.08/turn               (no ring)

@: no status effects
A: cold resistance 1, negative energy resistance 3, torment resistance 2, heat
vulnerability 1, no potions
a: no special abilities


You were on level 3 of the Dungeon.
You visited 1 branch of the dungeon, and saw 3 of its levels.

You collected 91 gold pieces.

Inventory:

Hand Weapons
 a - a +0 spear (weapon)
Armour
 b - a +0 robe (worn)
Jewellery
 d - a +6 ring of strength (left hand)
Scrolls
 c - a scroll of enchant weapon {unknown}
 e - a scroll of teleportation {unknown}
 f - a scroll of magic mapping {unknown}
 g - a scroll of noise {unknown}


   Skills:
 - Level 3.0 Fighting
 + Level 4.0 Polearms
 - Level 2.4 Dodging
 - Level 1.5 Stealth


You had 2 spell levels left.
You didn't know any spells.
Your spell library was empty.

Dungeon Overview and Level Annotations

Branches:
Dungeon (3/15)

Altars:
Dithmenos
Ru


Innate Abilities, Weirdness & Mutations

You are immune to poison.
Your flesh is cold resistant. (rC+)
You are immune to negative energy. (rN+++)
You are immune to unholy pain and torment.
You are vulnerable to heat. (rF-)
You do not drink.


Message History

A frilled lizard is nearby!
The frilled lizard hisses angrily.
You hit the frilled lizard.
The frilled lizard is heavily wounded.
The frilled lizard bites you.
You miss the frilled lizard.
The frilled lizard is heavily wounded.
The frilled lizard bites you.
You closely miss the frilled lizard.
The frilled lizard is heavily wounded.
The frilled lizard bites you.
You puncture the frilled lizard!
You kill the frilled lizard!
HP restored.
You see here a frilled lizard corpse.
An orc comes into view. It is wielding a +0 club.
Found a sacrificial altar of Ru.
Found 13 stones.
A kobold comes into view. It is wielding a +0 dagger.
Really walk into that teleport trap?
You enter a teleport trap!
The teleport trap disappears.
Your surroundings suddenly seem different.
A bullfrog comes into view.
Found a shadowy altar of Dithmenos.
The bullfrog gives a loud, deep croak!
You reach to attack!
You hit the bullfrog.
The bullfrog is moderately wounded.
You hit the bullfrog.
The bullfrog is moderately wounded.
The bullfrog hits you. x2
A rat comes into view.
You barely miss the bullfrog.
The bullfrog is moderately wounded.
The bullfrog closely misses you.
You closely miss the bullfrog.
The bullfrog is moderately wounded.
The bullfrog hits you. The bullfrog hits you!
* * * LOW HITPOINT WARNING * * *
The bullfrog hits you!
You die...

._.#... # ..##..# #.
##... .### .... ###
..# #.. ..# #.# #.#
#####
#.#.###.#####.##......
#...........@F....r.#
###.###.###.#####...#
#.# #.# #.# ## #.# #.#
#.# #######.###.# #.#
............# #.#
####.##.##### #.#
#.##.#######.#
#.##..........


You could see a bullfrog and a rat.

Vanquished Creatures
  2 adders (D:2)
  A worm (D:2)
  A dart slug (D:1)
  3 endoplasms
  4 giant cockroaches
  8 goblins
  2 hobgoblins
  5 kobolds
  3 quokkas
  A ball python (D:1)
  5 frilled lizards
  3 rats (D:1)
38 creatures vanquished.

Notes
Turn   | Place    | Note
-------+----------+-------------------------------------------
     0 | D:1      | Gabide the Mummy Monk began the quest for the Orb.
     0 | D:1      | Reached XP level 1. HP: 18/18 MP: 1/1
   279 | D:1      | Reached XP level 2. HP: 24/24 MP: 2/2
   292 | D:1      | Found a faded altar of an unknown god.
   300 | D:1      | Reached skill level 3 in Polearms
  1743 | D:2      | Reached XP level 3. HP: 29/29 MP: 3/3
  2596 | D:2      | Reached skill level 4 in Polearms
  2814 | D:3      | Found a sacrificial altar of Ru.
  2846 | D:3      | Noticed a bullfrog
  2847 | D:3      | Found a shadowy altar of Dithmenos.
  2854 | D:3      | Slain by a bullfrog

Illustrated notes

Levels and vault maps discovered:
D:1:      shiori_arrival_oz, layout_basic, ebering_ecumenical_altar_sacrificial
D:2:      layout_loops_corners, minmay_cut_off
D:3:      layout_loops_ring, nicolae_dithmenos_through_a_glass_darkly,
          lemuel_tele_altar, chequers_serial_rivers_small_3,
          columned_hall_lemuel, grunt_ministairs_1

Skill      XL: |  1  2  3 |
---------------+----------+-----
Polearms       | 3 4 |  4.0
Fighting       | |  3.0
Dodging        | |  2.4
Stealth        | |  1.5

Action                   || total
-------------------------++-------
Melee: Spear             ||   164
       Punch             ||     1
 Stab: Sleeping          ||    11
Armor: Robe              ||    18
Dodge: Dodged            ||    59
